 Dungeon Crawl Stone Soup version 0.31-a0-1549-g5ff9445e89 (webtiles) character file.

Game seed: 11876647251086702818

319 osuadh the Mimic (level 6, 0/96 HPs)
             Began as a Merfolk Shapeshifter on Jan 3, 2024.
             Was an Initiate of Qazlal.
             Slain by a black bear (4 damage)
             ... on level 4 of the Dungeon.
             The game lasted 00:06:34 (2491 turns).

osuadh the Mimic (Merfolk Shapeshifter)             Turns: 2491, Time: 00:06:35

Health: 0/96       AC: 15    Str: 13 (14) XL:     6   Next: 45%
Magic:  6/6        EV:  2    Int:  9 (11) God:    Qazlal [......]
Gold:   159        SH:  0    Dex: 12 (14) Spells: 5/5 levels left

rFire   . . .        k - +1 quarterstaff (spect)
rCold   . . .        (shield currently unavailable)
rNeg    . . .        a - melded +0 animal skin
rPois   +            (helmet currently unavailable)
rElec   .            (cloak currently unavailable)
rCorr   .            (gloves currently unavailable)
SInv    .            (boots currently unavailable)
Will    .....        (no amulet) Stlth
                     (no ring)
HPRegen 0.36/turn    (no ring)
MPRegen 0.10/turn

%: no passive effects
@: berserking (expiring), tree-form, corroded, attractive, hasted, invisible,
very quick
A: stationary, stasis, torment immunity, boosted hp, (nimble swimmer 2),
(mertail)
a: Renounce Religion


You were on level 4 of the Dungeon.
You worshipped Qazlal.
Qazlal was noncommittal.
You were a tree.
You visited 1 branch of the dungeon, and saw 4 of its levels.

You collected 159 gold pieces.

Inventory:

Hand Weapons
 h - a +0 sling
 k - a +1 spectral quarterstaff (weapon)
Armour
 a - a +0 animal skin (melded)
 l - a +0 pair of gloves
Jewellery
 j - a ring of magical power
 x - a ring of ice
Talismans
 c - a beast talisman (active)
 d - a flux talisman
Scrolls
 e - a scroll of butterflies {unknown}
 f - 3 scrolls of poison {unknown}
 i - 3 scrolls of identify {unknown}
 m - a scroll of acquirement {unknown}
 n - a scroll of blinking {unknown}
 o - 2 scrolls of immolation {unknown}
 q - 2 scrolls of teleportation {unknown}
 u - a scroll of torment {unknown}
 w - a scroll of fear {unknown}
Potions
 g - 3 potions of attraction


   Skills:
 - Level 1.1 Fighting
 - Level 2.6 Dodging
 - Level 3.2 Unarmed Combat
 + Level 8.6 Shapeshifting


You had 5 spell levels left.
You didn't know any spells.
Your spell library contained the following spells:

 Spells                   Type           Power      Damage    Failure   Level
 Summon Small Mammal      Summ           0%         N/A       38%         1


Dungeon Overview and Level Annotations

Branches:
Dungeon (4/15)
 Temple: D:4-7

Altars:
Ashenzari
Kikubaaqudgha
Qazlal
Sif Muna
Vehumet

Shops:
D:3 :


Innate Abilities, Weirdness & Mutations

You are a tree.
Your roots penetrate the ground, keeping you stationary.
You cannot be teleported.
You are immune to unholy pain and torment.
Your maximum health is greatly increased.
Your equipment is partially melded.
((You are very nimble when in or above water. (Stealth+, EV+, Speed+++)))
((Your lower body shifts to a powerful aquatic tail in water.))


Message History

The black bear claws you.
* * * LOW HITPOINT WARNING * * *
It was a potion of invisibility.
You fade into invisibility!
The kobold throws a stone.
The stone hits the black bear but does no damage.
It was a potion of berserk rage.
A red film seems to cover your vision as you go berserk!
You feel yourself moving faster!
You feel mighty!
The black bear bites you but does no damage.
The black bear barely misses you.
The black bear claws you but does no damage.
The kobold throws a stone.
The stone hits the black bear.
You catch the helpless black bear completely off-guard!
You hit the black bear.
The black bear is moderately wounded.
The black bear bites you.
* * * LOW HITPOINT WARNING * * *
The black bear claws you.
* * * LOW HITPOINT WARNING * * *
The black bear claws you but does no damage.
The kobold throws a stone.
The stone hits the black bear.
You barely miss the black bear.
The black bear is heavily wounded.
The black bear bites you but does no damage.
The black bear claws you but does no damage. x2
You hit the black bear but do no damage.
The black bear is heavily wounded.
The kobold throws a stone.
The stone closely misses the black bear.
The stone hits you but does no damage.
You hit the black bear.
The black bear is severely wounded.
The black bear bites you but does no damage.
The black bear claws you but does no damage.
The black bear barely misses you.
You hit the black bear but do no damage.
The black bear is severely wounded.
The black bear barely misses you. The black bear claws you.
You die...

.## ..##
######### ...##
#.......#
....####.#####.#
.........#####.#
....###........#
...## ##.##.#..#
...#
#.##.#..#####
.#(#
#........♣hs#
.#.#
#.####.####K#
.#.#
#......##.#.## ..
########.#†s.####
#h......#
#.[.#...#.#
#..#..###..#
#.##..# .## +.
...+ .


You could see a black bear (unable to see you), a scorpion (unable to see you)
and a kobold (unable to see you).

Vanquished Creatures
  A hound (D:4)
  A jelly (D:4)
  Jessica (D:2)
  An iguana (D:4)
  6 orc wizards (D:3)
  A ribbon worm (D:2)
  A dart slug (D:4)
  4 orcs
  An endoplasm (D:3)
  3 giant cockroaches
  5 goblins
  4 hobgoblins
  7 kobolds
  3 quokkas
  5 ball pythons
  6 bats
  4 frilled lizards
  7 rats
61 creatures vanquished.

Notes
Turn   | Place    | Note
-------+----------+-------------------------------------------
     0 | D:1      | osuadh the Merfolk Shapeshifter began the quest for the
                  | Orb.
     0 | D:1      | Reached XP level 1. HP: 15/15 MP: 1/1
   287 | D:1      | Reached XP level 2. HP: 19/21 MP: 2/2
   753 | D:2      | Reached skill level 5 in Shapeshifting
   890 | D:2      | Noticed Jessica
   896 | D:2      | Killed Jessica
   897 | D:2      | Reached XP level 3. HP: 26/26 MP: 3/3
   998 | D:2      | Found a faded altar of an unknown god.
  1001 | D:2      | Reached skill level 6 in Shapeshifting
  1007 | D:2      | Reached XP level 4. HP: 31/32 MP: 4/4
  1556 | D:3      | Found a shimmering blue altar of Sif Muna.
  1564 | D:3      | Reached skill level 7 in Shapeshifting
  1564 | D:3      | Reached XP level 5. HP: 21/37 MP: 5/5
  1698 | D:3      | Got Sif Muna's Cyclopedia of the Boggart
  1705 | D:3      | Found an ancient bone altar of Kikubaaqudgha.
  1718 | D:3      | Found a radiant altar of Vehumet.
  1732 | D:3      | Reached skill level 8 in Shapeshifting
  1807 | D:3      | Found a stormy altar of Qazlal.
  1828 | D:3      | Became a worshipper of Qazlal Stormbringer
  2040 | D:3      | Found Buemoghu's Book Shop.
  2054 | D:3      | Reached XP level 6. HP: 43/43 MP: 6/6
  2223 | D:4      | Found a broken altar of Ashenzari.
  2237 | D:4      | Identified the +0 leather armour of Unreason {Rampage +Inv
                  | Will- Str-4 Int+5}
  2462 | D:4      | Noticed a black bear
  2487 | D:4      | HP: 4/96 [black bear (5)]
  2491 | D:4      | Slain by a black bear

Illustrated notes

Levels and vault maps discovered:
D:1:      ncdulo_smallfort, layout_loops_cross
D:2:      layout_basic, ebering_ecumenical_altar_sacrificial,
          minmay_tromino_v4_a, uniq_jessica
D:3:      layout_loops_cross, palyth_temple_overflow_mages,
          grunt_qazlal_sundering, serial_shops,
          nicolae_shop_temple_entry_statues_fountains
D:4:      layout_loops_cross, mainiacjoe_overflow_concentric_impassable,
          minmay_fractal_squares_diagonal_5

Skill      XL: |  1  2  3  4  5 |
---------------+----------------+-----
Shapeshifting  | 5 6 7 8 |  8.6
Fighting       | |  1.1
Dodging        | |  2.6
Unarmed Combat | |  3.2

Action                     |  1- 3 |  4- 6 || total
---------------------------+-------+-------++-------
  Melee: Unarmed           |    20 |       ||    20
         Punch             |     1 |       ||     1
         Quarterstaff      |    37 |    79 ||   116
   Fire: Sling             |     1 |       ||     1
    Use: Potion            |       |     9 ||     9
   Stab: Sleeping          |     1 |     2 ||     3
         Invisible         |       |     1 ||     1
 Armour: Animal skin       |    27 |    38 ||    65
         Skin              |       |    51 ||    51
  Dodge: Dodged            |    33 |    32 ||    65
   Form: Beast             |     1 |       ||     1

Table legend: (Time is in decaauts)
 A = Elapsed time spent in this place.
 B = Non-inter-level travel time spent in this place.
 C = Inter-level travel time spent in this place.
 D = Time resting spent in this place.
 E = Time spent auto-exploring this place.
 F = Levels seen in this place.
 G = Mean time per level.
                   A        B        C        D        E       F      G
               +--------+--------+--------+--------+--------+-----+--------+
         Total |   2516 |   2345 |    171 |    205 |   1684 |   4 |  629.0 |
       Dungeon |   2516 |   2345 |    171 |    205 |   1684 |   4 |  629.0 |
               +--------+--------+--------+--------+--------+-----+--------+

Top non-repeatable levels by time:
     D:3: 818 daAuts
     D:1: 733 daAuts
     D:2: 695 daAuts
     D:4: 270 daAuts
